Map: [G8] Gresvan

Players

Cure

  • Race: Terran Terran
  • Spawn Location: 11:00

Solar - Winner!

  • Race: Zerg Zerg
  • Spawn Location: 5:00

Event: Gamers8 2023

VOD

Have the link to the VOD?

Description

Time

  • Played on: Aug. 6, 2023, 12:47 p.m.
  • Length: 5:27

All games in this series

Show
View Real Time Build Order
Export as new Build Order

Cure Terran 

Build Orders:  

Get SALT Encoding   

  12  0:00  SCV  
  13  0:12  SCV  
  14  0:17  Supply Depot  
  14  0:24  SCV  
  15  0:39  SCV  
  15  0:40  Barracks  
  16  0:42  Refinery  
  16  0:51  SCV  
  17  0:59  Barracks  
  17  1:03  SCV  
  18  1:15  SCV  
  19  1:27  Orbital Command, Reaper  
  19  1:31  Supply Depot  
  20  1:46  Reaper  
  22  1:54  SCV  
  22  2:02  Reaper  
  22  2:06  SCV  
  24  2:10  Command Center  
  24  2:17  Marine  
  24  2:18  SCV  
  26  2:30  SCV  
  26  2:33  Supply Depot  
  26  2:34  Marine  
  26  2:35  Marine  
  29  2:42  SCV  
  30  2:56  SCV  
  30  2:58  Command Center  
  31  3:08  SCV  
  31  3:09  Barracks Tech Lab  
  31  3:11  Refinery  
  32  3:19  Barracks Reactor  
  32  3:23  Orbital Command  
  32  3:24  SCV  
  33  3:33  Engineering Bay  
  33  3:34  Engineering Bay  
  33  3:36  SCV  
  34  3:49  SCV  
  34  3:52  SCV  
  36  4:01  SCV  
  37  4:05  SCV  
  37  4:07  Marine x3  
  41  4:11  Orbital Command  
  41  4:13  SCV  
  43  4:17  SCV  
  43  4:23  Factory  
  43  4:25  Marine x3  
  46  4:32  SCV x2  
  33  4:43  Marine x3  
  32  4:49  Engineering Bay  
  21  4:58  Engineering Bay  
  15  5:01  Marine x2  
  15  5:03  Marine  
  9  5:12  SCV x2  
Show
View Real Time Build Order
Export as new Build Order

Solar Zerg - Winner!

Build Orders: Hatch First, Zergling Baneling 

Get SALT Encoding   

  12  0:00  Drone  
  13  0:12  Overlord  
  13  0:17  Drone  
  14  0:31  Drone x2  
  16  0:48  Hatchery  
  15  0:51  Drone  
  15  0:54  Drone  
  17  0:57  Drone  
  18  1:08  Extractor  
  17  1:13  Spawning Pool  
  17  1:16  Drone  
  17  1:20  Drone  
  18  1:30  Drone  
  19  1:38  Drone  
  20  1:50  Drone  
  21  2:00  Queen x2  
  21  2:01  Zergling x4  
  27  2:10  Zergling x2  
  28  2:16  Hatchery  
  27  2:22  Metabolic Boost  
  27  2:25  Zergling x2  
  27  2:29  Overlord  
  28  2:37  Spore Crawler  
  27  2:47  Queen  
  27  2:49  Drone x2  
  31  2:55  Overlord  
  31  2:57  Zergling x2  
  32  3:05  Baneling Nest  
  30  3:14  Zergling x2  
  30  3:15  Zergling x8  
  35  3:20  Zergling x2  
  35  3:24  Overlord  
  36  3:29  Zergling x4  
  36  3:33  Zergling x2  
  39  3:43  Zergling x6  
  39  3:44  Zergling x2  
  43  3:54  Zergling x8  
  47  3:59  Baneling  
  47  4:02  Baneling x3  
  47  4:03  Baneling x2  
  47  4:06  Zergling x2  
  47  4:09  Zergling x2  
  48  4:13  Zergling x2  
  49  4:19  Overlord  
  49  4:20  Baneling  
  49  4:21  Baneling  
  49  4:22  Baneling  
  49  4:27  Zergling x4  
  49  4:30  Zergling x2  
  49  4:35  Baneling  
  49  4:36  Zergling x2  
  48  4:38  Zergling x2  
  48  4:43  Zergling x2  
  48  4:44  Zergling x2  
  50  4:48  Zergling x2, Baneling  
  50  4:52  Zergling x2  
  47  4:53  Zergling x2  
  47  4:57  Zergling x2  
  47  4:58  Baneling  
  44  5:01  Zergling x2  
  44  5:04  Zergling x2  
  44  5:06  Zergling x2  
  45  5:09  Zergling x2  
Tags
 
Add a new tag
Caveats
  • Supply blocks, unpowered buildings, or Contaminate may cause inaccurate times.
  • Supply counts are checked every 10 seconds.